 Dungeon Crawl Stone Soup version 0.30-a0-459-g9104f0fc43 (webtiles) character file.

Game seed: 12419813188971609240

1778 pokeman the Thaumaturge (level 8, -2/44 HPs)
             Began as a Deep Elf Hedge Wizard on Dec 15, 2022.
             Slain by a water moccasin (6 damage)
             ... on level 6 of the Dungeon.
             The game lasted 00:16:21 (6994 turns).

pokeman the Thaumaturge (Deep Elf Hedge Wizard)     Turns: 6994, Time: 00:16:21

Health: -2/44      AC:  8    Str:  7    XL:     8   Next: 81%
Magic:  14/24      EV: 12    Int: 22    God:
Gold:   339        SH:  0    Dex: 14    Spells: 14/27 levels left

rFire   . . .      SeeInvis .    i - +4 spear
rCold   + . .      Faith    .    (no shield)
rNeg    . . .      Spirit   .    A - +2 leather armour {rC+}
rPois   .          Reflect  .    n - +2 helmet
rElec   .          Harm     .    (no cloak)
rCorr   .          Rampage  .    (no gloves)
Will    .....                    (no boots)
Stlth   ++........               (no amulet)
HPRegen 0.27/turn                (no ring)
MPRegen 0.19/turn                (no ring)

@: lethally poisoned (-2 -> -24)
A: no striking features
a: no special abilities


You were on level 6 of the Dungeon.
You visited 1 branch of the dungeon, and saw 6 of its levels.
You also visited: Sewer.

You collected 339 gold pieces.

Inventory:

Hand Weapons
 i - a +4 spear (weapon)
Armour
 n - a +2 helmet (worn)
 v - a +0 buckler
 A - a +2 leather armour of cold resistance (worn)
 C - a +0 troll leather armour
Magical Staves
 b - a staff of fire
 y - a staff of air
Jewellery
 m - a ring of ice
Wands
 q - a wand of paralysis (6)
 z - a wand of polymorph (12)
Scrolls
 a - 3 scrolls of poison {unknown}
 c - a scroll of silence {unknown}
 e - a scroll of amnesia {unknown}
 g - 9 scrolls of identify {unknown}
 h - a scroll of immolation {unknown}
 o - 3 scrolls of teleportation {unknown}
 s - a scroll of summoning {unknown}
 t - 2 scrolls of magic mapping {unknown}
 x - a scroll of vulnerability {unknown}
 D - a scroll of fear {unknown}
Potions
 d - 2 potions of magic
 f - 5 potions of cancellation {unknown}
 j - a potion of invisibility {unknown}
 k - 2 potions of degeneration {unknown}
 l - 3 potions of heal wounds
 p - 3 potions of curing
 r - a potion of haste
 u - a potion of lignification {unknown}
 w - a potion of resistance {unknown}
 B - a potion of ambrosia {unknown}


   Skills:
 + Level 2.2 Fighting
 - Level 1.0 Armour
 - Level 4.1 Dodging
 - Level 4.0 Stealth
 - Level 1.0 Shields
 * Level 10.4 Spellcasting
 + Level 5.5 Conjurations
 + Level 2.2 Summonings
 - Level 1.1 Translocations
 - Level 2.1 Fire Magic
 - Level 2.0 Air Magic
 - Level 2.1 Poison Magic
 - Level 1.2 Evocations


You had 14 spell levels left.
You knew the following spells:

 Your Spells              Type           Power      Damage    Failure   Level
a - Magic Dart            Conj           100%       1d8       1%          1
b - Mephitic Cloud        Conj/Pois/Air  25%        N/A       7%          3
c - Call Imp              Summ           21%        N/A       5%          2
d - Blink                 Tloc           32%        N/A       9%          2
e - Lightning Bolt        Conj/Air       14%        1d27      45%         5

Your spell library contained the following spells:

 Spells                   Type           Power      Damage    Failure   Level
 Momentum Strike          Conj/Tloc      52%        3d9       3%          2
 Cigotuvi's Dreadful Rot  Necr/Pois/Air  34%        N/A       8%          2
 Slow                     Hex            44%        N/A       9%          1
 Lesser Beckoning         Tloc           32%        N/A       16%         3
 Inner Flame              Hex/Fire       16%        N/A       17%         3
 Summon Lightning Spire   Summ/Air       20%        N/A       34%         4
 Airstrike                Air            10%        2d(2-18)  36%         4
 Cause Fear               Hex            5%         N/A       63%         4
 Haunt                    Necr/Summ      8%         N/A       100%        7
 Monstrous Menagerie      Summ           10%        N/A       100%        7
 Discord                  Hex            5%         N/A       100%        8


Dungeon Overview and Level Annotations

Branches:
Dungeon (6/15)              Sewer (visited)
 Temple: D:4-7

Altars:
Cheibriados
Dithmenos
Nemelex Xobeh
Qazlal
Sif Muna
Zin
The Shining One

Shops:
D:4 :


Message History

Press: ? - help, Shift-Dir - straight line, f/p - water moccasin
Aim: a water moccasin (heavily wounded, 100% to hit)
The magic dart hits the water moccasin.
The water moccasin is heavily wounded.
You feel very sick. The water moccasin bites you.
Casting: Magic Dart (safe; 1% risk of failure)
Confirm with . or Enter, or press ? or * to list all spells.
Aiming: Magic Dart (safe; 1% risk of failure)
Press: ? - help, Shift-Dir - straight line, f/p - water moccasin
Aim: a water moccasin (heavily wounded, 100% to hit)
The magic dart hits the water moccasin.
The water moccasin is severely wounded.
You feel sick. The water moccasin bites you.
You are more poisoned.
The water moccasin poisons you! The water moccasin bites you.
Casting: Magic Dart (safe; 1% risk of failure)
Confirm with . or Enter, or press ? or * to list all spells.
Aiming: Magic Dart (safe; 1% risk of failure)
Press: ? - help, Shift-Dir - straight line, f/p - water moccasin
Aim: a water moccasin (severely wounded, 100% to hit)
The magic dart hits the water moccasin.
The water moccasin is severely wounded.
* * * LOW HITPOINT WARNING * * *
You feel very sick. The water moccasin bites you.
* * * LOW HITPOINT WARNING * * *
You are more poisoned.
The water moccasin poisons you!
Casting: Magic Dart (safe; 1% risk of failure)
Confirm with . or Enter, or press ? or * to list all spells.
Aiming: Magic Dart (safe; 1% risk of failure)
Press: ? - help, Shift-Dir - straight line, f/p - water moccasin
Aim: a water moccasin (severely wounded, 100% to hit)
The magic dart hits the water moccasin.
The water moccasin is almost dead.
* * * LOW HITPOINT WARNING * * *
You feel very sick. The water moccasin bites you.
You die...

...... #............>.....
...... #..................
#..................
#..................
#+######..................
..........################
..........# ..........#
..)......@# .........S#
...#####..) ... #.... ..
#..... #...... #.......
#.)......


You could see a water moccasin.

Vanquished Creatures
  A troll (D:5)
  A hornet (D:6)
  Pargi (Sewer)
  2 ice beasts (D:5)
  2 ogres
  A bullfrog (D:6)
  A necrophage (D:5)
  3 scorpions
  A hound (D:6)
  An iron imp (D:6)
  A gnoll bouda (D:6)
  3 orc priests
  Ijyb (D:4)
  3 iguanas (D:5)
  4 orc wizards
  4 gnolls (D:6)
  A river rat (D:3)
  6 adders
  2 ufetubi
  3 worms (D:2)
  3 dart slugs
  13 orcs
  5 bats
  8 endoplasms
  A giant cockroach (D:3)
  4 hobgoblins
  5 jackals
  2 quokkas
  5 ball pythons
  5 frilled lizards
  10 goblins
  2 goblin skeletons (D:6)
  2 goblin zombies (D:6)
  2 hobgoblin zombies (D:6)
  2 kobolds (D:3)
  2 kobold zombies (D:6)
  An orc skeleton (D:6)
  2 orc zombies (D:6)
  6 rats
122 creatures vanquished.

Vanquished Creatures (others)
  An electric eel (D:6)
  13 plants
14 creatures vanquished.

Grand Total: 136 creatures vanquished

Notes
Turn   | Place    | Note
-------+----------+-------------------------------------------
     0 | D:1      | pokeman the Deep Elf Hedge Wizard began the quest for the
                  | Orb.
     0 | D:1      | Reached XP level 1. HP: 10/10 MP: 7/7
   315 | D:1      | Reached XP level 2. HP: 15/15 MP: 6/9
   856 | D:1      | Reached skill level 5 in Spellcasting
  1051 | D:2      | Reached XP level 3. HP: 17/20 MP: 8/11
  1055 | D:2      | Learned a level 3 spell: Mephitic Cloud
  1058 | D:2      | Learned a level 2 spell: Call Imp
  1061 | D:2      | Learned a level 2 spell: Blink
  1383 | D:2      | Got Mnoleg's Tractate on Allies
  1453 | D:2      | Found a faded altar of an unknown god.
  1459 | D:2      | Reached skill level 1 in Fighting
  1600 | D:2      | Reached skill level 1 in Armour
  2094 | D:3      | Reached XP level 4. HP: 16/25 MP: 0/13
  2282 | D:3      | Found a glowing drain.
  2334 | Sewer    | Entered a sewer
  2406 | Sewer    | Noticed Pargi
  2431 | Sewer    | Killed Pargi
  2432 | Sewer    | Reached skill level 6 in Spellcasting
  2432 | Sewer    | Reached XP level 5. HP: 20/29 MP: 7/15
  2639 | D:3      | Found a shadowy altar of Dithmenos.
  2859 | D:3      | Learned a level 5 spell: Lightning Bolt
  3024 | D:3      | Found a snail-covered altar of Cheibriados.
  3545 | D:4      | Found Ruoduo's Book Shop.
  3672 | D:4      | Found a shimmering blue altar of Sif Muna.
  3746 | D:4      | Noticed Ijyb
  3762 | D:4      | Killed Ijyb
  3763 | D:4      | Reached XP level 6. HP: 28/34 MP: 10/17
  3919 | D:4      | Found a stormy altar of Qazlal.
  4259 | D:4      | Reached skill level 7 in Spellcasting
  4467 | D:4      | Found a sparkling altar of Nemelex Xobeh.
  4662 | D:5      | Entered Level 5 of the Dungeon
  4836 | D:5      | Noticed an ice beast
  4910 | D:5      | Killed an ice beast
  4917 | D:5      | Reached XP level 7. HP: 38/38 MP: 2/20
  5053 | D:5      | Reached skill level 1 in Shields
  5120 | D:5      | Reached skill level 8 in Spellcasting
  5120 | D:5      | Reached skill level 1 in Fire Magic
  5192 | D:5      | Reached skill level 1 in Evocations
  5292 | D:5      | Noticed a troll
  5335 | D:5      | Killed a troll
  5336 | D:5      | Reached skill level 1 in Air Magic
  5336 | D:5      | Reached skill level 1 in Poison Magic
  5503 | D:5      | Reached XP level 8. HP: 41/43 MP: 8/22
  5508 | D:5      | Reached skill level 9 in Spellcasting
  5814 | D:5      | Found a glowing silver altar of Zin.
  6349 | D:6      | Noticed a hornet
  6379 | D:6      | Killed a hornet
  6380 | D:6      | Reached skill level 5 in Conjurations
  6574 | D:6      | Reached skill level 10 in Spellcasting
  6874 | D:6      | Found a glowing golden altar of the Shining One.
  6994 | D:6      | Slain by a water moccasin

Illustrated notes

Levels and vault maps discovered:
D:1:      psy_arrival_fountain, layout_basic, minmay_crystal_water
D:2:      cheibrodos_old_hovel, layout_loops_ring, basic_ecumenical_altar
D:3:      layout_basic, general_overflow_altar, grunt_dithmenos_smoke,
          portal_sewer_entry_b
D:4:      layout_gridville, amcnicky_altar_gilded,
          mainiacjoe_overflow_surrounded_room, mainiacjoe_overflow_tiny_flanked,
          serial_shops, nicolae_shop_trees, uniq_ijyb
D:5:      dreamdust_elfheim, layout_basic, mainiacjoe_overflow_24_doors,
          serial_bayou, serial_bayou_pond_e, serial_bayou_lake_a,
          serial_bayou_pond_a, serial_bayou_shore_b, serial_bayou_pond_d,
          serial_bayou_shore_a, kennysheep_generic_room_14
D:6:      layout_gridville, nicolae_ashenzari_skybound,
          nicolae_tso_besieged_by_evil, minmay_temple_entry_wispy,
          gammafunk_ghost_nasty_kobolds, fountainhead

Skill      XL: |  1  2  3  4  5  6  7  8 |
---------------+-------------------------+-----
Spellcasting   | 5 6 7 8 10 | 10.4
Fighting       | 1 2 |  2.2
Armour         | 1 |  1.0
Conjurations   | 2 3 4 5 |  5.5
Dodging        | 3 4 |  4.1
Stealth        | 3 4 |  4.0
Shields        | 1 |  1.0
Fire Magic     | 1 2 |  2.1
Evocations     | 1 |  1.2
Air Magic      | 1 2 |  2.0
Poison Magic   | 1 2 |  2.1
Summonings     | 2 |  2.2
Translocations | |  1.1

Action                   |  1- 3 |  4- 6 |  7- 9 || total
-------------------------+-------+-------+-------++-------
Melee: Spear             |    28 |    70 |    64 ||   162
       Punch             |       |     1 |     1 ||     2
 Cast: Magic Dart        |    82 |   112 |   161 ||   355
       Mephitic Cloud    |     3 |    11 |    13 ||    27
       Call Imp          |       |     3 |     1 ||     4
       Blink             |       |     2 |     1 ||     3
 Stab: Sleeping          |     3 |     1 |       ||     4
       Confused          |     2 |     8 |     4 ||    14
Armor: Robe              |     5 |    12 |       ||    17
       Leather armour    |       |    15 |    31 ||    46
Dodge: Dodged            |    19 |    42 |    51 ||   112

Table legend: (Time is in decaauts)
 A = Elapsed time spent in this place.
 B = Non-inter-level travel time spent in this place.
 C = Inter-level travel time spent in this place.
 D = Time resting spent in this place.
 E = Time spent auto-exploring this place.
 F = Levels seen in this place.
 G = Mean time per level.
                   A        B        C        D        E       F      G
               +--------+--------+--------+--------+--------+-----+--------+
         Total |   7042 |   6832 |    210 |    204 |   5489 |   7 | 1006.0 |
       Dungeon |   6839 |   6629 |    210 |    204 |   5332 |   6 | 1139.8 |
         Sewer |    203 |    203 |      0 |      0 |    157 |   1 |  203.0 |
               +--------+--------+--------+--------+--------+-----+--------+

Top non-repeatable levels by time:
     D:5: 1677 daAuts
     D:3: 1211 daAuts
     D:2: 1151 daAuts
     D:4: 1122 daAuts
     D:1: 987 daAuts
     D:6: 689 daAuts
   Sewer: 203 daAuts
